 Dungeon Crawl Stone Soup version 0.19.1-1-g22dce08 (webtiles) character file.

751 theAP the Grave Robber (level 7, 0/76 HPs)
             Began as a Demonspawn Necromancer on Dec 30, 2016.
             Was a Follower of Vehumet.
             Killed by divine providence
             ... invoked by an orc priest
              (13 damage)
             ... on level 5 of the Dungeon.
             The game lasted 00:23:03 (3695 turns).

theAP the Grave Robber (Demonspawn Necromancer)     Turns: 3695, Time: 00:23:04

Health: 0/76       AC: 23    Str:  9    XL:     7   Next: 49%
Magic:  6/13       EV:  2    Int: 18    God:    Vehumet [*.....]
Gold:   148        SH:  7    Dex: 13    Spells: 2 memorised, 10 levels left

rFire  . . .     SeeInvis .     x - +0 flail
rCold  . . .     Gourm    .     (armour currently unavailable)
rNeg   + + +     Faith    .     n - +0 shield
rPois  +         Spirit   .     (helmet currently unavailable)
rElec  .         Reflect  .     (cloak currently unavailable)
rCorr  .         Harm     .     (gloves currently unavailable)
MR     .....     NoTele   +     (boots currently unavailable)
Stlth  ++........               (no amulet)
                                (no ring)
                                (no ring)

@: tree-form, very slightly contaminated
A: (antennae 0), (yellow scales 0), demonic guardian 1
a: Renounce Religion


You were on level 5 of the Dungeon.
You worshipped Vehumet.
Vehumet was aware of your devotion.
You were not hungry.
You were a tree.
You visited 1 branch of the dungeon, and saw 5 of its levels.

You collected 148 gold pieces.

Inventory:

Hand Weapons
 f - a +0 mace
 g - a +0 mace
 j - a cursed -1 whip
 u - a +0 flail
 x - a +0 flail (weapon)
Armour
 a - a +0 robe
 i - a +0 robe
 n - a +0 shield (worn)
 p - a +0 robe
 q - a +0 leather armour (melded)
Wands
 o - a wand of polymorph (15/24)
Scrolls
 d - 2 scrolls of remove curse {unknown}
 e - 2 scrolls of identify {unknown}
 h - a scroll of teleportation {unknown}
 k - a scroll of enchant weapon {unknown}
 s - a scroll of amnesia {unknown}
 t - a scroll of random uselessness {unknown}
 v - a scroll of noise {unknown}
 y - a scroll of recharging {unknown}
 z - a scroll of enchant armour {unknown}
Potions
 w - 2 potions of degeneration {unknown}
Books
 b - a book of Necromancy

   Spells                             Type                      Level
   a - Pain                           Necromancy                   1
   b - Animate Skeleton               Necromancy                   1
   c - Vampiric Draining              Necromancy                   3
   d - Regeneration                   Charms/Necromancy            3
   e - Animate Dead                   Necromancy                   4
   f - Control Undead                 Necromancy                   4
Comestibles
 c - 3 bread rations
 r - 4 fruits


   Skills:
 * Level 2.6 Fighting
 * Level 2.7 Maces & Flails
 + Level 1.5 Armour
 + Level 2.4 Dodging
 + Level 1.9 Stealth
 + Level 1.0 Shields
 + Level 0.1 Unarmed Combat
 + Level 4.5 Spellcasting
 + Level 6.4 Necromancy


You had 10 spell levels left.
You knew the following spells:

 Your Spells              Type           Power        Failure   Level  Hunger
a - Pain                  Necr           ####         8%          1    None
b - Animate Dead          Necr           N/A          65%         4    ####...


Dungeon Overview and Level Annotations

Branches:
Dungeon (5/15)
 Temple: D:4-7

Altars:
Gozag
Hepliaklqana
Makhleb
Okawaru
Trog
Vehumet
Xom
The Shining One


Innate Abilities, Weirdness & Mutations

((You have a pair of antennae on your head.))
((You are partially covered in yellow scales. (AC +2)))
A weak demonic guardian rushes to your aid.


Message History

The orc wizard writhes in agony!
You block the orc priest's attack.
You turn into a tree.
Your +0 leather armour melds into your body.
Your roots penetrate the ground.
You block the leopard gecko's attack.
Your shadow imp hits the orc wizard but does no damage.
The leopard gecko bites you but does no damage.
Your white imp barely misses the leopard gecko.
You closely miss the leopard gecko.
The leopard gecko is lightly wounded.
The orc wizard mumbles some strange words.
The orc priest calls down the wrath of Beogh upon you.
Beogh smites you!
* * * LOW HITPOINT WARNING * * *
The leopard gecko bites you but does no damage.
Your shadow imp gestures at the orc wizard.
The orc wizard writhes in agony!
Your white imp closely misses the leopard gecko.
The orc priest mumbles some strange prayers to Beogh against you.
Beogh smites you!
You die...

# #.##
#...#####
##......#
#...5.o♣#
#<.....l####
#.#+###5o{{#
..
#####'####...
#....{.......
+....{.......
#.o..........
#............
#.5.........#


You could see an orc priest, an orc wizard, a leopard gecko, a friendly white
imp and a friendly shadow imp.

Vanquished Creatures
  Sigmund (D:2)
  An ogre (D:3)
  A scorpion (D:4)
  A howler monkey (D:4)
  A bullfrog zombie (D:3)
  A hound (D:4)
  A centaur skeleton (D:4)
  An orc wizard (D:3)
  2 worker ants (D:4)
  A hound skeleton (D:4)
  6 adders
  An ooze (D:5)
  3 adder skeletons (D:4)
  3 worms
  A dart slug (D:1)
  5 leopard geckos
  2 orcs
  9 bats
  3 giant cockroaches
  4 goblins
  7 hobgoblins
  10 jackals
  6 kobolds
  2 quokkas
  A ball python (D:1)
  2 frilled lizards
  6 rats
82 creatures vanquished.

Vanquished Creatures (collateral kills)
  An ogre (D:4)
  4 vampire bats (D:3)
  An adder (D:4)
  An ooze (D:4)
7 creatures vanquished.

Grand Total: 89 creatures vanquished

Notes
Turn   | Place    | Note
-------+----------+-------------------------------------------
     0 | D:1      | theAP the Demonspawn Necromancer began the quest for the Orb.
     0 | D:1      | Reached XP level 1. HP: 13/13 MP: 3/3
    80 | D:1      | Gained mutation: You are partially covered in yellow scales. (AC +2) [demonic ancestry]
    80 | D:1      | Reached XP level 2. HP: 13/19 MP: 0/5
   454 | D:1      | Reached skill level 5 in Necromancy
   902 | D:2      | Gained mutation: You have a pair of small antennae on your head. [demonic ancestry]
   902 | D:2      | Reached XP level 3. HP: 17/24 MP: 0/6
  1097 | D:2      | Found a radiant altar of Vehumet.
  1097 | D:2      | Found a burning altar of Makhleb.
  1101 | D:2      | Became a worshipper of Vehumet
  1118 | D:2      | Noticed Sigmund
  1169 | D:2      | Killed Sigmund
  1169 | D:2      | Reached skill level 1 in Fighting
  1169 | D:2      | Reached skill level 1 in Maces & Flails
  1169 | D:2      | Gained mutation: You have a pair of antennae on your head. [demonic ancestry]
  1169 | D:2      | Reached XP level 4. HP: 30/32 MP: 2/9
  1169 | D:2      | Reached XP level 5. HP: 35/37 MP: 2/10
  1858 | D:3      | Reached skill level 6 in Necromancy
  1868 | D:3      | Learned a level 4 spell: Animate Dead
  1959 | D:3      | Found a hazy altar of Hepliaklqana.
  1960 | D:3      | Found an iron altar of Okawaru.
  1964 | D:3      | Found an opulent altar of Gozag.
  1964 | D:3      | Found a bloodstained altar of Trog.
  1967 | D:3      | Found a shimmering altar of Xom.
  2010 | D:3      | Found a glowing golden altar of the Shining One.
  2034 | D:3      | Gained mutation: A weak demonic guardian rushes to your aid. [demonic ancestry]
  2034 | D:3      | Reached XP level 6. HP: 24/44 MP: 11/11
  2142 | D:3      | Reached * piety under Vehumet
  2142 | D:3      | Offered knowledge of Sandblast by Vehumet.
  2502 | D:3      | Reached skill level 1 in Armour
  2892 | D:4      | Reached XP level 7. HP: 34/50 MP: 11/13
  3050 | D:4      | Reached skill level 1 in Shields
  3075 | D:4      | HP: 2/51 [poisoned by a worker ant]
  3083 | D:4      | HP: 2/51 [poisoned by a worker ant]
  3657 | D:5      | Entered Level 5 of the Dungeon
  3695 | D:5      | Killed from afar by an orc priest

Skill      XL: |  1  2  3  4  5  6  7 |
---------------+----------------------+-----
Necromancy     | 5 6 |  6.4
Fighting       | 1 2 |  2.6
Maces & Flails | 1 2 |  2.7
Spellcasting   | 3 4 |  4.5
Dodging        | 2 |  2.4
Armour         | 1 |  1.5
Shields        | 1 |  1.0
Stealth        | |  1.9
Unarmed Combat | |  0.1

Action                   |  1- 3 |  4- 6 |  7- 9 || total
-------------------------+-------+-------+-------++-------
Melee: Unarmed           |     7 |       |       ||     7
       Mace              |     4 |     2 |       ||     6
       Flail             |       |    84 |    42 ||   126
 Cast: Pain              |    48 |    57 |    35 ||   140
  Use: Potion            |     3 |     1 |     5 ||     9
  Eat: Chunk             |     1 |     5 |     3 ||     9
       Fruit             |       |     1 |       ||     1
Armor: Robe              |     5 |       |       ||     5
       Skin              |    10 |       |     2 ||    12
       Leather armour    |       |    60 |    27 ||    87
Dodge: Dodged            |     8 |    56 |    26 ||    90
Block: Shield            |     1 |    56 |    38 ||    95
